 Dungeon Crawl Stone Soup version 0.28.0 (webtiles) character file.

Game seed: 15413851208634025292

281 GrayStillPlays the Conjurer (level 6, -2/36 HPs)
             Began as an Octopode Conjurer on Feb 8, 2022.
             Slain by a scorpion (3 damage)
             ... on level 4 of the Dungeon.
             The game lasted 00:06:34 (4119 turns).

GrayStillPlays the Conjurer (Octopode Conjurer)     Turns: 4119, Time: 00:06:35

Health: -2/36      AC:  1    Str:  6    XL:     6   Next: 27%
Magic:  1/10       EV: 13    Int: 23    God:
Gold:   45         SH:  0    Dex: 10    Spells: 5/11 levels left

rFire   . . .      SeeInvis .   (no weapon)
rCold   . . .      Faith    .   (no shield)
rNeg    . . .      Spirit   .   (helmet restricted)
rPois   .          Reflect  .   (no amulet)
rElec   .          Harm     .   (no ring)
rCorr   .          Rampage  .   (no ring)
Will    .....                   (no ring)
Stlth   +++.......              (no ring)
HPRegen 0.12/turn               (no ring)
MPRegen 0.12/turn               (no ring)
                                (no ring)
                                (no ring)

@: no status effects
A: almost no armour, amphibious, 8 rings, camouflage 1, gelatinous body 1,
(nimble swimmer 1), tentacles
a: no special abilities


You were on level 4 of the Dungeon.
You visited 1 branch of the dungeon, and saw 4 of its levels.

You collected 81 gold pieces.
You spent 36 gold pieces at shops.


Innate Abilities, Weirdness & Mutations

You cannot wear most types of armour.
You are amphibious.
You can wear up to eight rings at the same time.
Your skin changes colour to match your surroundings (Stealth+).
Your rubbery body absorbs attacks. (AC +1, EV +1)
((You are camouflaged when in or above water. (Stealth+)))
You have tentacles for arms and can constrict up to eight enemies at once.


   Skills:
 + Level 3.5 Dodging
 - Level 2.6 Stealth
 + Level 3.3 Spellcasting
 + Level 5.0 Conjurations
 + Level 1.9 Transmutations
 + Level 2.3 Poison Magic


You had 5 spell levels left.
You knew the following spells:

 Your Spells              Type           Power      Damage    Failure   Level
a - Magic Dart            Conj           100%       1d8       1%          1
b - Spider Form           Tmut/Pois      13%        N/A       14%         3
c - Searing Ray           Conj           52%        2d6       2%          2

Your spell library contained the following spells:

 Spells                   Type           Power      Damage    Failure   Level
 Passwall                 Tmut/Erth      6%         N/A       12%         2
 Dazzling Flash           Conj/Hex       30%        N/A       12%         3
 Ensorcelled Hibernation  Hex/Ice        6%         N/A       17%         2
 Swiftness                Air            3%         N/A       34%         3
 Fulminant Prism          Conj/Hex       7%         3d7       36%         4
 Iskenderun's Mystic Bla  Conj/Tloc      15%        2d5       36%         4
 Anguish                  Hex/Necr       1%         N/A       75%         4

Inventory:

Hand Weapons
 b - a +0 whip {mace}
   (You found it on level 1 of the Dungeon)
Missiles
 d - 85 stones {throwing}
 j - 53 arrows
 o - 29 bolts
Scrolls
 a - 2 scrolls of enchant weapon {unknown}
 c - 2 scrolls of immolation {!r!r}
 f - 6 scrolls of amnesia {unknown}
 g - 4 scrolls of identify {unknown}
 k - a scroll of teleportation {unknown}
 l - a scroll of vulnerability {unknown}
 n - a scroll of magic mapping {unknown}
Potions
 e - 3 potions of invisibility {unknown}
 h - a potion of magic {unknown}
 i - a potion of degeneration {unknown}

Dungeon Overview and Level Annotations

Branches:
Dungeon (4/15)
 Temple: D:4-7

Altars:

Shops:
D:3

=! ### #.#.### . .>. #.#...
.. .####.# #.#..# .#
#.....# #.#รท.# .<# #.....#
#.#..#####.#
#.....#.########.#........#
#.....#........#<..#....#
....#.########.##...[...+
... #..........s@......[#
.. #....#########..##### .
#...............#
#....#########..#
#....>..........#
........############
#........# .........#.!
##.......##.#


You could see a scorpion.


Message History

๐Ÿ˜Ž MP[-1]
You lost 1 mp, and now have 4/10 mp.
The magic dart hits the scorpion.
The scorpion stings you. ๐Ÿ˜• HP[-2] MP[-1]
You take 2 damage, and now have 34/36 hp.
You lost 1 mp, and now have 3/10 mp.
The magic dart hits the scorpion.
The scorpion completely misses you. The scorpion stings you.
You are poisoned.
The scorpion poisons you!
The scorpion closely misses you. ๐Ÿ˜• HP[-3]
You take 3 damage, and now have 31/36 hp.
You feel very sick.
The scorpion closely misses you. ๐Ÿ˜• HP[-3]
You take 3 damage, and now have 28/36 hp.
You feel very sick. ๐Ÿ˜ฎ HP[-3]
You take 3 damage, and now have 25/36 hp.
You feel sick. ๐Ÿ˜ฎ HP[-1]
You take 1 damage, and now have 24/36 hp.
You feel sick. ๐Ÿ˜ฎ HP[-2]
You take 2 damage, and now have 22/36 hp.
You feel sick. ๐Ÿ˜ฎ HP[-1]
You take 1 damage, and now have 21/36 hp.
You feel sick. ๐Ÿ˜ฎ HP[-1]
You take 1 damage, and now have 20/36 hp.
You feel sick.
You feel sick. ๐Ÿ˜ฎ HP[-1] MP[+1]
You take 1 damage, and now have 19/36 hp.
You feel sick.
You are no longer poisoned.
The scorpion stings you.
* * * LOW HITPOINT WARNING * * *
You are lethally poisoned!
The scorpion poisons you! ๐Ÿ˜จ HP[-7]
You take 7 damage, and now have 12/36 hp.
Casting: Magic Dart (safe; 1% risk of failure)
Confirm with . or Enter, or press ? or * to list all spells.
Aiming: Searing Ray (safe; 2% risk of failure)
Press: ? - help, Shift-Dir - straight line, p - scorpion The searing ray misses the scorpion. x2 (Press . to maintain the ray.)
* * * LOW HITPOINT WARNING * * *
You feel very sick. ๐Ÿ˜ฑ HP[-3] MP[-2]
You take 3 damage, and now have 9/36 hp.
You lost 2 mp, and now have 2/10 mp.
* * * LOW HITPOINT WARNING * * *
You feel very sick.
The scorpion barely misses you. ๐Ÿ˜ฑ HP[-3]
You take 3 damage, and now have 6/36 hp.
You feel better.
The scorpion closely misses you. ๐Ÿ˜จ HP[+6]
You regained 6 hp, and now have 12/36 hp.
The scorpion closely misses you.
Casting: Searing Ray (safe; 2% risk of failure)
Confirm with . or Enter, or press ? or * to list all spells.
Aiming: Searing Ray (safe; 2% risk of failure)
Press: ? - help, Shift-Dir - straight line The searing ray hits the scorpion.
You kill the scorpion!
The searing ray hits the scorpion! (Press . to maintain the ray.)
The scorpion stings you.
* * * LOW HITPOINT WARNING * * *
Your Conjurations skill increases to level 5! ๐Ÿ˜ฑ HP[-5] MP[-2]
You take 5 damage, and now have 7/36 hp.
You lost 2 mp, and now have 0/10 mp.
You feel better.
The scorpion closely misses you. ๐Ÿ˜จ HP[+8]
You regained 8 hp, and now have 15/36 hp.
Casting: Searing Ray (safe; 2% risk of failure)
Confirm with . or Enter, or press ? or * to list all spells.
Okay, then.
You barely miss the scorpion. You grab the scorpion.
You squeeze the scorpion, but do no damage.
You constrict the scorpion, but do no damage.
The scorpion stings you.
* * * LOW HITPOINT WARNING * * *
๐Ÿ˜ฑ HP[-6]
You take 6 damage, and now have 9/36 hp.
You completely miss the scorpion.
You constrict the scorpion, but do no damage.
The scorpion stings you!
* * * LOW HITPOINT WARNING * * *
๐Ÿ˜ฑ HP[-8] MP[+1]
You take 8 damage, and now have 1/36 hp.
MASSIVE DAMAGE!! (PAUSE)
You are now empty-tentacled.
You constrict the scorpion. The scorpion stings you.
You die...

Skill      XL: |  1  2  3  4  5  6 |
---------------+-------------------+-----
Poison Magic   | 1 2 |  2.3
Dodging        | 3 |  3.5
Transmutations | 1 |  1.9
Spellcasting   | 3 |  3.3
Conjurations   | 5 |  5.0
Stealth        | |  2.6

Action                   |  1- 3 |  4- 6 || total
-------------------------+-------+-------++-------
Melee: Unarmed           |     1 |       ||     1
       Whip              |     9 |     8 ||    17
       Constrict         |     3 |     1 ||     4
       Tentacles         |     2 |     2 ||     4
 Cast: Magic Dart        |    71 |    82 ||   153
       Searing Ray       |       |     6 ||     6
  Use: Potion            |       |     2 ||     2
Dodge: Dodged            |    10 |    21 ||    31

Levels and vault maps discovered:
D:1:      minmay_arrival_widening_spiral_narrow, layout_basic,
          hellmonk_ecumenical_altar_blasted
D:2:      layout_loops_corners
D:3:      minmay_evil_eye, layout_rooms, serial_shops, shop,
          nicolae_shop_advertising_works [nicolae_subvault_shop_adworks],
          chequers_mini_garden
D:4:      old_forge, layout_basic, gammafunk_ghost_smash, serial_shops,
          kennysheep_mini

Notes
Turn   | Place    | Note
-------+----------+-------------------------------------------
     0 | D:1      | GrayStillPlays the Octopode Conjurer began the quest for
                  | the Orb.
     0 | D:1      | Reached XP level 1. HP: 11/11 MP: 3/3
     0 | D:1      | magus.rc [v1.9.6]
   415 | D:1      | Reached XP level 2. HP: 17/17 MP: 1/5
   458 | D:1      | Found a faded altar of an unknown god.
   961 | D:1      | Reached XP level 3. HP: 21/21 MP: 3/6
  1583 | D:2      | You pick up a book of Dreams and begin reading...
  1583 | D:2      | You add the spells Ensorcelled Hibernation, Spider Form and
                  | Anguish to your library.
  1588 | D:2      | Learned a level 3 spell: Spider Form
  2120 | D:2      | Reached XP level 4. HP: 27/27 MP: 2/8
  2297 | D:2      | Learned a level 2 spell: Searing Ray
  2655 | D:2      | Reached skill level 1 in Poison Magic
  2804 | D:3      | Reached skill level 3 in Dodging
  2883 | D:3      | Reached skill level 1 in Transmutations
  2940 | D:3      | Reached XP level 5. HP: 21/31 MP: 1/9
  3343 | D:3      | Reached skill level 3 in Spellcasting
  3509 | D:3      | You pick up a book of Burglary and begin reading...
  3509 | D:3      | You add the spells Passwall and Swiftness to your library.
  3623 | D:3      | Found Imaimown's Jewellery Emporium.
  3756 | D:3      | Found Benihu's Distillery.
  3761 | D:3      | Bought a potion of curing for 36 gold pieces
  3978 | D:4      | Reached skill level 2 in Poison Magic
  4057 | D:4      | Reached XP level 6. HP: 34/36 MP: 6/10
  4111 | D:4      | HP: 9/36 [poisoned by a scorpion]
  4116 | D:4      | Reached skill level 5 in Conjurations
  4117 | D:4      | HP: 9/36 [scorpion (6)]
  4118 | D:4      | HP: 1/36 [scorpion (8)]
  4119 | D:4      | Slain by a scorpion

Vanquished Creatures
  2 scorpions (D:4)
  7 gnolls
  2 adders
  4 dart slugs
  2 orcs (D:3)
  3 ball pythons
  7 endoplasms
  2 giant cockroaches
  6 goblins
  8 hobgoblins
  7 jackals (D:2)
  A kobold (D:3)
  5 quokkas
  8 bats
  4 frilled lizards
  6 rats
74 creatures vanquished.

Table legend:
 A = Non-vault XP
 B = Vault XP
 C = Vault XP percentage of total XP
 D = Non-vault monster count
 E = Vault monster count
 F = Vault count percentage of total count
                 A         B        C        D         E       F
            +---------+---------+-------+---------+---------+-------
      Total |     233 |     169 |  42.0 |      68 |       6 |   8.1
            +---------+---------+-------+---------+---------+-------
        D:1 |      39 |       0 |   0.0 |      22 |       0 |   0.0
        D:2 |      63 |       0 |   0.0 |      21 |       0 |   0.0
        D:3 |     110 |       7 |   6.0 |      21 |       3 |  12.5
        D:4 |      21 |     162 |  88.5 |       4 |       3 |  42.9
            +---------+---------+-------+---------+---------+-------

Illustrated notes

Table legend:
 A = Kills in this place as a percentage of kills in entire the game.
 B = Kills by you in this place as a percentage of kills by you in the entire game.
 C = Kills by friends in this place as a percentage of kills by friends in the entire game.
 D = Other kills in this place as a percentage of other kills in the entire game.
 E = Experience gained in this place as a percentage of experience gained in the entire game.
 F = Experience gained in this place divided by the number of levels of this place that you have seen.
                   A       B       C       D       E      F
               +-------+-------+-------+-------+-------+----------------------
         Total | 100.0 | 100.0 |   N/A |   N/A | 100.0 | 100.5
       Dungeon | 100.0 | 100.0 |   N/A |   N/A | 100.0 | 100.5
               +-------+-------+-------+-------+-------+----------------------

Table legend: (Time is in decaauts)
 A = Elapsed time spent in this place.
 B = Non-inter-level travel time spent in this place.
 C = Inter-level travel time spent in this place.
 D = Time resting spent in this place.
 E = Time spent auto-exploring this place.
 F = Levels seen in this place.
 G = Mean time per level.
                   A        B        C        D        E       F      G
               +--------+--------+--------+--------+--------+-----+--------+
         Total |   4122 |   3986 |    136 |    600 |   2966 |   4 | 1030.5 |
       Dungeon |   4122 |   3986 |    136 |    600 |   2966 |   4 | 1030.5 |
               +--------+--------+--------+--------+--------+-----+--------+

Top non-repeatable levels by time:
     D:2: 1529 daAuts
     D:1: 1166 daAuts
     D:3: 1163 daAuts
     D:4: 262 daAuts
